| TOP OF THE 1ST |
|
St. Louis Cardinals batting - Pitching for Arizona Diamondbacks : RHP Miguel Martinez
|
|
Pitching: RHP Miguel Martinez
|
|
|
Batting: RHB Nick Gentzel
|
0-0: Foul Ball, location: 2F 0-1: Foul Ball, location: 2F 0-2: Fly out, F7 (Flyball, 78S, EV 83.8 MPH)
|
|
Batting: LHB Tom Butterbaugh
|
0-0: Ball 1-0: Ball 2-0: Foul Ball, location: 2F 2-1: Ball 3-1: Called Strike 3-2: Ground out 4-3 (Groundball, 4D, EV 106.9 MPH)
|
|
Batting: RHB Tenshou Takita
|
0-0: Ball 1-0: Called Strike 1-1: Ball 2-1: Fly out, F8 (Flyball, 78D, EV 85.6 MPH)
|
| Top of the 1st over - 0 runs, 0 hits, 0 errors, 0 left on base; St. Louis 0 - Arizona 0 |
| BOTTOM OF THE 1ST |
|
Arizona Diamondbacks batting - Pitching for St. Louis Cardinals : RHP Geoff Mooney
|
|
Pitching: RHP Geoff Mooney
|
|
|
Batting: LHB Eric Klasek
|
0-0: Foul Ball, location: 2F 0-1: Fly out, F7 (Flyball, 7, EV 78.8 MPH)
|
|
Batting: SHB Alec Thorpe
|
0-0: Foul Ball, location: 2F 0-1: Ball 1-1: Ball 2-1: Ball 3-1: Swinging Strike 3-2: Strikes out looking
|
|
Batting: LHB Armando Carbajal
|
0-0: SOLO HOME RUN (Flyball, 89XD, EV 106.2 MPH), Distance : 428 ft
|
|
Batting: RHB Andy Swaim
|
0-0: Ball 1-0: Fly out, F8 (Flyball, 8RD, EV 86.9 MPH)
|
| Bottom of the 1st over - 1 run, 1 hit, 0 errors, 0 left on base; St. Louis 0 - Arizona 1 |
| TOP OF THE 2ND |
|
St. Louis Cardinals batting - Pitching for Arizona Diamondbacks : RHP Miguel Martinez
|
|
Batting: RHB Terry Baginski
|
0-0: Called Strike 0-1: Ground out 6-3 (Groundball, 6, EV 103.1 MPH)
|
|
Batting: RHB Danny Gallo
|
0-0: Foul Ball, location: 2F 0-1: Foul Ball, location: 2F 0-2: Ball 1-2: Ball 2-2: Strikes out looking
|
|
Batting: LHB Frank Hill
|
0-0: Ball 1-0: Called Strike 1-1: Ground out 4-3 (Groundball, 4, EV 100.6 MPH)
|
| Top of the 2nd over - 0 runs, 0 hits, 0 errors, 0 left on base; St. Louis 0 - Arizona 1 |
| BOTTOM OF THE 2ND |
|
Arizona Diamondbacks batting - Pitching for St. Louis Cardinals : RHP Geoff Mooney
|
|
Batting: RHB Shiro Suehiro
|
0-0: Ground out 1-3 (Groundball, 13S, EV 70.6 MPH)
|
|
Batting: LHB Bobby Arevalo
|
0-0: Ball 1-0: Foul Ball, location: 2F 1-1: Foul Ball, location: 2F 1-2: DOUBLE (Line Drive, 78XD, EV 112.5 MPH)
|
|
Batting: SHB Warren Eisner
|
0-0: Called Strike 0-1: Fly out, F9 (Line Drive, 9S, EV 108.1 MPH)
|
|
Batting: LHB Jeff Densmore
|
0-0: Ball 1-0: Called Strike 1-1: Swinging Strike 1-2: Strikes out looking
|
| Bottom of the 2nd over - 0 runs, 1 hit, 0 errors, 1 left on base; St. Louis 0 - Arizona 1 |
| TOP OF THE 3RD |
|
St. Louis Cardinals batting - Pitching for Arizona Diamondbacks : RHP Miguel Martinez
|
|
Batting: SHB Luke Robbins
|
0-0: Ball 1-0: Ball 2-0: Ball 3-0: Called Strike 3-1: Called Strike 3-2: Ground out U3 (Groundball, 3, EV 83.1 MPH)
|
|
Batting: LHB Ichiro Toyota
|
0-0: Ball 1-0: Called Strike 1-1: Foul Ball, location: 2F 1-2: Strikes out swinging
|
|
Batting: RHB Dustin Clark
|
0-0: Ball 1-0: Swinging Strike 1-1: Swinging Strike 1-2: Ball 2-2: Ball 3-2: Base on Balls
|
|
Batting: RHB Nick Gentzel
|
0-0: Swinging Strike 0-1: Ground out 4-3 (Groundball, 4, EV 103.1 MPH)
|
| Top of the 3rd over - 0 runs, 0 hits, 0 errors, 1 left on base; St. Louis 0 - Arizona 1 |
| BOTTOM OF THE 3RD |
|
Arizona Diamondbacks batting - Pitching for St. Louis Cardinals : RHP Geoff Mooney
|
|
Batting: RHB Marlon Reda
|
0-0: Called Strike 0-1: Ground out 4-3 (Groundball, 4S, EV 81.2 MPH)
|
|
Batting: LHB Eric Klasek
|
0-0: Bunted foul 0-1: Fly out, F9 (Flyball, 89D, EV 102.5 MPH)
|
|
Batting: SHB Alec Thorpe
|
0-0: SINGLE (Groundball, 6M, EV 91.2 MPH) (infield hit)
|
|
Batting: LHB Armando Carbajal
|
0-0: 2-RUN HOME RUN (Flyball, 89XD, EV 106.9 MPH), Distance : 431 ft
|
|
Batting: RHB Andy Swaim
|
0-0: Ball 1-0: Called Strike 1-1: SOLO HOME RUN (Flyball, 89XD, EV 103.1 MPH), Distance : 411 ft
|
|
Batting: RHB Shiro Suehiro
|
0-0: Swinging Strike 0-1: Called Strike 0-2: Strikes out swinging
|
| Bottom of the 3rd over - 3 runs, 3 hits, 0 errors, 0 left on base; St. Louis 0 - Arizona 4 |
| TOP OF THE 4TH |
|
St. Louis Cardinals batting - Pitching for Arizona Diamondbacks : RHP Miguel Martinez
|
|
Batting: LHB Tom Butterbaugh
|
0-0: Ground out U3 (Groundball, 3S, EV 75.6 MPH)
|
|
Batting: RHB Tenshou Takita
|
0-0: DOUBLE (Line Drive, 5D, EV 98.8 MPH)
|
|
Batting: RHB Terry Baginski
|
0-0: Ball 1-0: Foul Ball, location: 2F 1-1: Ground out U3 (Groundball, 34S, EV 83.8 MPH) Tenshou Takita to third
|
|
Batting: RHB Danny Gallo
|
0-0: Ball 1-0: Ball 2-0: Ball 3-0: Called Strike 3-1: Ground out 4-3 (Groundball, 4, EV 89.4 MPH)
|
| Top of the 4th over - 0 runs, 1 hit, 0 errors, 1 left on base; St. Louis 0 - Arizona 4 |
| BOTTOM OF THE 4TH |
|
Arizona Diamondbacks batting - Pitching for St. Louis Cardinals : RHP Geoff Mooney
|
|
Batting: LHB Bobby Arevalo
|
0-0: Ball 1-0: Called Strike 1-1: Ball 2-1: Fly out, F3 (Line Drive, 3, EV 66.9 MPH)
|
|
Batting: SHB Warren Eisner
|
0-0: Fly out, F6 (Popup, 56, EV 63.1 MPH)
|
|
Batting: LHB Jeff Densmore
|
0-0: Ground out 5-3 (Groundball, 56, EV 81.2 MPH)
|
| Bottom of the 4th over - 0 runs, 0 hits, 0 errors, 0 left on base; St. Louis 0 - Arizona 4 |
| TOP OF THE 5TH |
|
St. Louis Cardinals batting - Pitching for Arizona Diamondbacks : RHP Miguel Martinez
|
|
Now at 2B: Jon Solano
|
|
|
Now at 3B: Steve Reinhart
|
|
|
Batting: LHB Frank Hill
|
0-0: Ball 1-0: Ground out 4-3 (Groundball, 4, EV 106.9 MPH)
|
|
Batting: SHB Luke Robbins
|
0-0: Swinging Strike 0-1: SINGLE (Line Drive, 4MD, EV 97.5 MPH)
|
|
Batting: LHB Ichiro Toyota
|
0-0: Ball 1-0: Fielders Choice at 2nd, 4-6 (Groundball, 4, EV 79.4 MPH)
|
|
Batting: RHB Dustin Clark
|
0-0: Called Strike 0-1: DOUBLE (Flyball, 78XD, EV 91.2 MPH) Ichiro Toyota to third Runner from 3rd tries for Home, SAFE, no throw by CF
|
|
Batting: RHB Nick Gentzel
|
0-0: Ball 1-0: Ball 2-0: Called Strike 2-1: Foul Ball, location: 2F 2-2: DOUBLE (Flyball, 8LXD, EV 101.9 MPH) Dustin Clark scores
|
|
Batting: LHB Tom Butterbaugh
|
0-0: Ball 1-0: Ground out U3 (Groundball, 3, EV 88.8 MPH)
|
| Top of the 5th over - 2 runs, 3 hits, 0 errors, 1 left on base; St. Louis 2 - Arizona 4 |
| BOTTOM OF THE 5TH |
|
Arizona Diamondbacks batting - Pitching for St. Louis Cardinals : RHP Geoff Mooney
|
|
Now in RF: Melvin Enriquez
|
|
|
Batting: RHB Marlon Reda
|
0-0: Foul Ball, location: 2F 0-1: Ball 1-1: Foul Ball, location: 2F 1-2: Foul Ball, location: 2F 1-2: Ball 2-2: Foul Ball, location: 2F 2-2: Strikes out looking
|
|
Pinch Hitting: LHB Roy Steigerwald
|
0-0: Called Strike 0-1: Swinging Strike 0-2: Ball 1-2: Ball 2-2: Strikes out swinging
|
|
Pinch Hitting: RHB Katilimomi Kelekolio
|
0-0: Swinging Strike 0-1: Swinging Strike 0-2: Ball 1-2: Ball 2-2: Ball 3-2: Foul Ball, location: 2F 3-2: Base on Balls
|
|
Batting: RHB David Price Jr.
|
0-0: Called Strike 0-1: Fly out, F7 (Flyball, 7D, EV 97.5 MPH)
|
| Bottom of the 5th over - 0 runs, 0 hits, 0 errors, 1 left on base; St. Louis 2 - Arizona 4 |
| TOP OF THE 6TH |
|
St. Louis Cardinals batting - Pitching for Arizona Diamondbacks : RHP Miguel Martinez
|
|
Pitching: RHP Rich Ortega
|
|
|
Now at SS: Katilimomi Kelekolio
|
|
|
Now in LF: Roy Steigerwald
|
|
|
Pinch Hitting: RHB Mark Cahill
|
0-0: Swinging Strike 0-1: Foul Ball, location: 2F 0-2: Ball 1-2: Foul Ball, location: 2F 1-2: Ground out 3-1 (Groundball, 34, EV 108.1 MPH)
|
|
Batting: RHB Terry Baginski
|
0-0: Ground out U3 (Groundball, 3, EV 98.8 MPH)
|
|
Pinch Hitting: RHB Rick O'Reilly
|
0-0: Called Strike 0-1: Swinging Strike 0-2: Foul Ball, location: 2F 0-2: Fly out, F9 (Flyball, 9, EV 73.8 MPH)
|
| Top of the 6th over - 0 runs, 0 hits, 0 errors, 0 left on base; St. Louis 2 - Arizona 4 |
| BOTTOM OF THE 6TH |
|
Arizona Diamondbacks batting - Pitching for St. Louis Cardinals : RHP Geoff Mooney
|
|
Now at C: Josh Lyon
|
|
|
Now at 1B: Mark Cahill
|
|
|
Now at SS: Rick O'Reilly
|
|
|
Now in LF: Dustin Clark
|
|
|
Now in CF: Ichiro Toyota
|
|
|
Batting: RHB Jon Solano
|
0-0: Ball 1-0: Called Strike 1-1: Foul Ball, location: 2F 1-2: Foul Ball, location: 2F 1-2: SINGLE (Flyball, 9S, EV 94.4 MPH)
|
|
Pitching: RHP Danny Romero
|
|
|
Pinch Hitting: RHB Fabrice Bertin
|
0-0: Ball 1-0: Called Strike Jon Solano steals 2nd, throwing error, E2 Jon Solano to third 1-1: Swinging Strike 1-2: Ball 2-2: Strikes out swinging
|
|
Pinch Hitting: SHB Perry Tuckfard
|
0-0: Ball 1-0: Ball 2-0: Foul Ball, location: 2F 2-1: Ball 3-1: Ground out 6-3 (Groundball, 6MS, EV 71.9 MPH)
|
|
Batting: LHB Steve Reinhart
|
0-0: Foul Ball, location: 2F 0-1: Fly out, F5 (Popup, 5SF, EV 66.2 MPH)
|
| Bottom of the 6th over - 0 runs, 1 hit, 1 error, 1 left on base; St. Louis 2 - Arizona 4 |
| TOP OF THE 7TH |
|
St. Louis Cardinals batting - Pitching for Arizona Diamondbacks : RHP Rich Ortega
|
|
Pitching: RHP Gerardo Camacho
|
|
|
Now at 1B: Perry Tuckfard
|
|
|
Now in RF: Fabrice Bertin
|
|
|
Batting: SHB Antoine Roux
|
0-0: Ball 1-0: Ball 2-0: Called Strike 2-1: Called Strike 2-2: Ground out 6-3 (Groundball, 6, EV 91.9 MPH)
|
|
Pinch Hitting: RHB Pavpv Ivanushkin
|
0-0: Ball 1-0: Swinging Strike 1-1: Foul Ball, location: 2F 1-2: Ball 2-2: Foul Ball, location: 2F 2-2: Foul Ball, location: 2F 2-2: Ball 3-2: Strikes out swinging
|
|
Pinch Hitting: RHB Tim Nettles
|
0-0: Called Strike 0-1: Ball 1-1: Foul Ball, location: 2F 1-2: Foul Ball, location: 2F 1-2: Foul Ball, location: 2F 1-2: Ball 2-2: Foul Ball, location: 2F 2-2: Foul Ball, location: 2F 2-2: SINGLE (Groundball, 25, EV 71.2 MPH) (infield hit)
|
|
Pinch Hitting: SHB Hans Mikkelsen
|
0-0: Ball 1-0: Called Strike 1-1: Swinging Strike 1-2: Ball 2-2: Strikes out looking
|
| Top of the 7th over - 0 runs, 1 hit, 0 errors, 1 left on base; St. Louis 2 - Arizona 4 |
| BOTTOM OF THE 7TH |
|
Arizona Diamondbacks batting - Pitching for St. Louis Cardinals : RHP Danny Romero
|
|
Pitching: RHP Brian Sanderson
|
|
|
Now at 2B: Pavpv Ivanushkin
|
|
|
Now in LF: Hans Mikkelsen
|
|
|
Now in CF: Tim Nettles
|
|
|
Pinch Hitting: SHB Andrew Wray II
|
0-0: Ball 1-0: Swinging Strike 1-1: Ball 2-1: Ground out U3 (Groundball, 3, EV 108.8 MPH)
|
|
Batting: RHB Marlon Reda
|
0-0: Called Strike 0-1: Foul Ball, location: 2F 0-2: Strikes out swinging
|
|
Batting: LHB Roy Steigerwald
|
0-0: Ball 1-0: Ball 2-0: Ball 3-0: Base on Balls
|
|
Batting: RHB Katilimomi Kelekolio
|
0-0: Foul Ball, location: 2F 0-1: Called Strike 0-2: Foul Ball, location: 2F 0-2: Foul Ball, location: 2F 0-2: Foul Ball, location: 2F 0-2: Foul Ball, location: 2F 0-2: Ball 1-2: Ball 2-2: Foul Ball, location: 2F 2-2: Strikes out looking
|
| Bottom of the 7th over - 0 runs, 0 hits, 0 errors, 1 left on base; St. Louis 2 - Arizona 4 |
| TOP OF THE 8TH |
|
St. Louis Cardinals batting - Pitching for Arizona Diamondbacks : RHP Gerardo Camacho
|
|
Pitching: RHP John Patterson
|
|
|
Now in CF: Andrew Wray II
|
|
|
Batting: RHB Melvin Enriquez
|
0-0: Ball 1-0: Called Strike 1-1: Fly out, F7 (Flyball, 7D, EV 91.9 MPH)
|
|
Pinch Hitting: RHB Klaas Meij
|
0-0: Called Strike 0-1: Foul Ball, location: 2F 0-2: Ball 1-2: Ball 2-2: Strikes out swinging
|
|
Batting: RHB Mark Cahill
|
0-0: Ball 1-0: Swinging Strike 1-1: Foul Ball, location: 2F 1-2: SINGLE (Groundball, 4MD, EV 94.4 MPH)
|
|
Batting: RHB Josh Lyon
|
0-0: Ball 1-0: Foul Ball, location: 2F 1-1: DOUBLE (Line Drive, 9LS, EV 111.2 MPH) Mark Cahill to third Runner from 3rd tries for Home, throw by RF and OUT! 9-4-2
|
| Top of the 8th over - 0 runs, 2 hits, 0 errors, 1 left on base; St. Louis 2 - Arizona 4 |
| BOTTOM OF THE 8TH |
|
Arizona Diamondbacks batting - Pitching for St. Louis Cardinals : RHP Brian Sanderson
|
|
Now at 3B: Klaas Meij
|
|
|
Batting: RHB David Price Jr.
|
0-0: Ball 1-0: Swinging Strike 1-1: Swinging Strike 1-2: Ball 2-2: Strikes out swinging
|
|
Batting: RHB Jon Solano
|
0-0: Ball 1-0: Called Strike 1-1: Ball 2-1: Called Strike 2-2: Ground out 6-3 (Groundball, 56D, EV 103.8 MPH)
|
|
Batting: RHB Fabrice Bertin
|
0-0: Foul Ball, location: 2F 0-1: Swinging Strike 0-2: Ball 1-2: Strikes out swinging
|
| Bottom of the 8th over - 0 runs, 0 hits, 0 errors, 0 left on base; St. Louis 2 - Arizona 4 |
| TOP OF THE 9TH |
|
St. Louis Cardinals batting - Pitching for Arizona Diamondbacks : RHP John Patterson
|
|
Batting: RHB Rick O'Reilly
|
0-0: Foul Ball, location: 2F 0-1: Fly out, F8 (Flyball, 78D, EV 93.1 MPH)
|
|
Batting: SHB Antoine Roux
|
0-0: Called Strike 0-1: Foul Ball, location: 2F 0-2: Ball 1-2: Strikes out swinging
|
|
Batting: RHB Pavpv Ivanushkin
|
0-0: Ball 1-0: Foul Ball, location: 2F 1-1: Called Strike 1-2: Foul Ball, location: 2F 1-2: Ball 2-2: Foul Ball, location: 2F 2-2: Ball 3-2: Base on Balls
|
|
Batting: RHB Tim Nettles
|
0-0: Ball 1-0: Ball 2-0: Called Strike 2-1: Ball 3-1: Ground out 5-3 (Groundball, 56, EV 106.2 MPH)
|
| Top of the 9th over - 0 runs, 0 hits, 0 errors, 1 left on base; St. Louis 2 - Arizona 4 |
|